 Dungeon Crawl Stone Soup version 0.32-a0-120-gfac0567ad4 (webtiles) character file.

Game seed: 15534131464289186904

5 Esekla the Shield-Bearer (level 1, 11/11 HPs)
             Began as a Vine Stalker Wanderer on Feb 7, 2024.
             Quit the game on level 1 of the Dungeon.
             The game lasted 00:02:07 (105 turns).

Esekla the Shield-Bearer (Vine Stalker Wanderer)     Turns: 105, Time: 00:02:07

Health: 11/11      AC:  6    Str: 15    XL:     1   Next: 80%
Magic:  2/2        EV: 10    Int: 11    God:
Gold:   9          SH:  6    Dex: 13    Spells: 0/0 levels left

rFire   . . .        f - +0 dagger
rCold   . . .        b - +2 buckler
rNeg    . . .        e - +0 robe
rPois   .            (no helmet)
rElec   .            (no cloak)
rCorr   .            (no gloves)
SInv    .            (no boots)
Will    .....        (no amulet)
Stlth   +            a - +4 ring of protection
HPRegen 1.01/turn    (no ring)
MPRegen 0.08/turn

%: guardian spirit
@: no status effects
A: fangs 2, regeneration 1, magic shield, antimagic bite, no potion heal 2
a: no special abilities


You were on level 1 of the Dungeon.
You visited 1 branch of the dungeon, and saw 1 of its levels.

You collected 9 gold pieces.

Inventory:

Hand Weapons
 f - a +0 dagger (weapon)
Armour
 b - a +2 buckler (worn)
 c - a +0 ring mail
 e - a +0 robe (worn)
Jewellery
 a - a +4 ring of protection (left hand)
Potions
 d - a potion of curing


   Skills:
 * Level 1.8 Fighting
 + Level 2.8 Short Blades
 - Level 1.5 Armour
 + Level 2.8 Shields
 * Level 0.2 Spellcasting


You couldn't memorise any spells.
You didn't know any spells.
Your spell library was empty.

Dungeon Overview and Level Annotations

Branches:
Dungeon (1/15)

Altars:

Shops:
D:1 =


Innate Abilities, Weirdness & Mutations

You have extremely sharp teeth.
Your natural rate of healing is unusually fast.
When hurt, damage is shared between your health and your magic reserves.
Your bite disrupts and absorbs the magic of your enemies.
Potions cannot restore your health.


Message History

Found a stone staircase leading down.
Found an ivory ring.
Found 9 gold pieces.
a - a +4 ring of protection
a - a +4 ring of protection (left hand)
You now have 9 gold pieces.
A goblin comes into view. It is wielding a +0 dagger.
The goblin shouts!
You block the goblin's attack.
You hit the goblin but do no damage. The goblin hits you but does no damage.
You hit the goblin.
You kill the goblin!
Things that are here:
a +0 dagger; a goblin corpse A giant cockroach comes into view.
You block the giant cockroach's attack.
You hit the giant cockroach but do no damage.
You bite the giant cockroach, but do no damage.
The giant cockroach bites you but does no damage.
The giant cockroach waves its antennae.
The giant cockroach bites you but does no damage.
You closely miss the giant cockroach.
You bite the giant cockroach, but do no damage.
The giant cockroach barely misses you.
You hit the giant cockroach.
The giant cockroach is heavily wounded.
The giant cockroach barely misses you.
You barely miss the giant cockroach.
The giant cockroach is heavily wounded.
The giant cockroach bites you but does no damage.
You hit the giant cockroach.
You kill the giant cockroach!
Found a stone staircase leading down.
A rat comes into view.
Found Umemicopp's Jewellery Shop.
You hit the rat.
You kill the rat!
You see here a rat corpse.
There is an entrance to Umemicopp's Jewellery Shop here.
Are you sure you want to abandon this character and quit the game? (Confirm with "yes".)

......##
#.####..#.##
####### #.#
#.....#
#.####..#..#
#..........#
#....†.#..#####
#........>.....
#.......######
#.......#
#......@#
#.......#
.........#
..#......#
..##.###.# #.
#.# # #.# #.#


There were no monsters in sight!

Vanquished Creatures
  A giant cockroach (D:1)
  A goblin (D:1)
  A hobgoblin (D:1)
  2 rats (D:1)
5 creatures vanquished.

Notes
Turn   | Place    | Note
-------+----------+-------------------------------------------
     0 | D:1      | Esekla the Vine Stalker Wanderer began the quest for the
                  | Orb.
     0 | D:1      | Esekla set off with the following items: a +0 short sword,
                  | a +2 buckler, a +0 ring mail, a potion of curing.
     0 | D:1      | Reached XP level 1. HP: 11/11 MP: 2/2
    97 | D:1      | Found Umemicopp's Jewellery Shop.
   105 | D:1      | Quit the game

Illustrated notes

Levels and vault maps discovered:
D:1:      dpeg_arrival_pits, layout_basic, serial_shops, shop,
          chequers_ecumenical_altar_simple, minmay_pentomino_o4

Action                     || total
---------------------------++-------
  Melee: Dagger            ||     8
         Short sword       ||     8
         Bite              ||     4
 Armour: Robe              ||     4
         Ring mail         ||     1
  Dodge: Dodged            ||     4
  Block: Buckler           ||     4

Table legend: (Time is in decaauts)
 A = Elapsed time spent in this place.
 B = Non-inter-level travel time spent in this place.
 C = Inter-level travel time spent in this place.
 D = Time resting spent in this place.
 E = Time spent auto-exploring this place.
 F = Levels seen in this place.
 G = Mean time per level.
                   A        B        C        D        E       F      G
               +--------+--------+--------+--------+--------+-----+--------+
         Total |    102 |    102 |      0 |      0 |      0 |   1 |  102.0 |
       Dungeon |    102 |    102 |      0 |      0 |      0 |   1 |  102.0 |
               +--------+--------+--------+--------+--------+-----+--------+

Top non-repeatable levels by time:
     D:1: 102 daAuts
